Cogmind - Beta 16.1 --- EXPLORER MODE // 2026.04.16 @ 21:34:52 Player: Krysmphoenix Result: Destroyed by W9-VTT(Y) with Heavy Autocannon Performance ------------- Evolutions (6) 3000 Regions Visited (19) 3800 Robots Destroyed (118) 590 Value Destroyed (6094) 6094 Prototype IDs (36) 720 Alien Tech Used (0) 0 Bonus (4013) 4013 TOTAL SCORE: 18217 Bonus ------- High Alert Combat Kills 110 Follower Combat Kills 703 Entered Garrisons 400 Used RIF Installer 1000 Entered DSFs 1500 Aligned with FarCom 300 Cogmind --------- Core Integrity 0/1150 Matter 300/300 Energy 99/100 System Corruption 0% Temperature Cool (0) Movement Core (50) Location -4/Warlord Parts ------- > --- POWER (2) -------- (None) > --- PROPULSION (6) --- (None) > --- UTILITY (10) ----- Graphene Brace > --- WEAPON (2) ------- (None) > --- INVENTORY (5) ---- Field Propulsion Drive Improved Force Field Advanced Hacking Suite Remote Datajack Peak State ------------ > --- POWER ------------ Micro Fission Core Antimatter Reactor > --- PROPULSION ------- Nuclear Pulse Array Nuclear Pulse Array Field Propulsion Array > --- UTILITY ---------- Advanced Heat Sink Advanced Visual Processing Unit Active Sensor Suite Microactuators Advanced Reaction Control System Graphene Brace System Shield Relay Coupler [Hunter] > --- WEAPON ----------- Remote Datajack Longsword +1 > --- INVENTORY -------- Micro Nuclear Core Nuclear Pulse Thruster Advanced Hacking Suite Relay Coupler [Sentry] [Rating: 125] Favorites ----------- Power Light Ion Engine Engine Light Ion Engine Power Core Light Nuclear Core Reactor Light Antimatter Reactor Propulsion Flight Unit Leg Carbon-fiber Leg Wheel Wheel Hover Unit Backup Propulsion III Flight Unit Flight Unit Utility Advanced Visual Processing Unit Device Advanced Heat Sink Processor Advanced Visual Processing Unit Hackware System Shield Protection Improved Weapon Shielding Weapon Longsword +1 Energy Gun Small Laser Energy Cannon Beam Cannon Ballistic Gun Minigun Ballistic Cannon Hardcell Cannon Launcher Mini Grenade Launcher Special Weapon Remote Datajack Slashing Weapon Longsword +1 Special Melee Weapon Improved Datajack Build | -11 -10 -10 -10 -9 -8 -7 -7 -6 -6 -6 -6 -5 -5 -5 -5 -4 -4 -4 -4 ------- Run | Yrd Mat Min Exi Min Mat Fac DSF Fac Gar Fac DSF Fac Gar Fac DSF Fac Upp Upp War Slots Evolved 13 | . 1 . . . 4 2 . 2 . . . 2 . . . 2 . . . Power 1 | . . . . . 1 . . . . . . . . . . . . . . Propulsion 4 | . . . . . 2 1 . . . . . 1 . . . . . . . Utility 8 | . 1 . . . 1 1 . 2 . . . 1 . . . 2 . . . Weapon . | . . . . . . . . . . . . . . . . . . . . Parts Attached 110 | 8 7 3 1 . 18 2 3 2 8 10 5 3 14 . 8 9 4 5 . Power 18 | 2 2 . . . 1 . . . 1 2 2 . 1 . 1 2 2 2 . Engine 5 | 2 2 . . . 1 . . . . . . . . . . . . . . Core 8 | . . . . . . . . . 1 1 2 . 1 . 1 . 1 1 . Reactor 5 | . . . . . . . . . . 1 . . . . . 2 1 1 . Propulsion 33 | 2 2 . . . 6 2 1 . 3 5 . 1 3 . 5 3 . . . Treads . | . . . . . . . . . . . . . . . . . . . . Leg 3 | . . . . . . . . . 3 . . . . . . . . . . Wheel 2 | 2 . . . . . . . . . . . . . . . . . . . Hover . | . . . . . . . . . . . . . . . . . . . . Flight 28 | . 2 . . . 6 2 1 . . 5 . 1 3 . 5 3 . . . Utility 41 | 2 1 1 . . 7 . 2 2 2 3 3 2 10 . 1 3 1 1 . Device 18 | . 1 1 . . 3 . . 2 . 1 1 2 4 . 1 1 . 1 . Storage . | . . . . . . . . . . . . . . . . . . . . Processor 6 | 2 . . . . 3 . . . . . . . . . . . 1 . . Hackware 15 | . . . . . 1 . 1 . 2 2 1 . 6 . . 2 . . . Protection 2 | . . . . . . . 1 . . . 1 . . . . . . . . Artifact . | . . . . . . . . . . . . . . . . . . . . Weapon 18 | 2 2 2 1 . 4 . . . 2 . . . . . 1 1 1 2 . Energy Gun 7 | 2 1 1 . . 1 . . . . . . . . . . 1 1 . . Energy Cannon 3 | . 1 1 . . 1 . . . . . . . . . . . . . . Ballistic Gun 2 | . . . . . 1 . . . . . . . . . . . . 1 . Ballistic Cannon 1 | . . . . . . . . . . . . . . . . . . 1 . Launcher 2 | . . . . . 1 . . . 1 . . . . . . . . . . Special Weapon 1 | . . . . . . . . . . . . . . . 1 . . . . Impact Weapon . | . . . . . . . . . . . . . . . . . . . . Slashing Weapon 1 | . . . 1 . . . . . . . . . . . . . . . . Piercing Weapon . | . . . . . . . . . . . . . . . . . . . . Special Melee Weapon 1 | . . . . . . . . . 1 . . . . . . . . . . Unidentified Prototypes 6 | . 1 . . . 3 . . . . 1 . . . . 1 . . . . Parts Lost 41 | . 1 . . . 5 . . . 10 . . . 4 . 3 . . 11 7 Power 8 | . . . . . . . . . 3 . . . 1 . . . . 4 . Propulsion 15 | . 1 . . . 3 . . . 5 . . . 1 . 1 . . 3 1 Utility 15 | . . . . . 1 . . . 2 . . . 2 . 2 . . 4 4 Weapon 3 | . . . . . 1 . . . . . . . . . . . . . 2 Highest Loss Streak 5 | . 1 . . . 2 . . . 3 . . . 2 . 3 . . 5 5 To Critical Strikes . | . . . . . . . . . . . . . . . . . . . . Average Backups 3 | 1 2 4 3 3 4 4 4 4 2 4 4 4 4 5 4 4 3 4 4 Power . | . 1 . . . . . . . . . . . . . . . . . . Propulsion . | . . 1 1 1 . 1 2 2 . . . . 1 1 1 1 1 . 1 Utility 1 | . . . . . 1 . . . 1 4 4 4 3 4 3 2 1 2 2 Weapon . | . 1 2 1 2 1 2 1 1 . . . . . . . . . . . Tool/Special . | . . . . . . . . . . . . . . . . . . . . Unused Backups 17 | . . . . . 2 1 . 2 3 . . . 4 . . 1 . 1 3 Power 1 | . . . . . . 1 . . . . . . . . . . . . . Propulsion 4 | . . . . . . . . . . . . . 2 . . 1 . . 1 Utility 9 | . . . . . 1 . . 1 2 . . . 2 . . . . 1 2 Weapon 3 | . . . . . 1 . . 1 1 . . . . . . . . . . Tool/Special . | . . . . . . . . . . . . . . . . . . . . Average Slot Usage (%) 84 | . 97 91 87 64 88 92 96 89 81 94 100 97 99 100 92 72 75 67 27 Engine 5 | . 12 12 12 12 12 14 14 12 2 . . . . . . . . . . Core 2 | . . . . . . . . . . 3 9 11 10 11 11 6 5 4 . Reactor 1 | . . . . . . . . . . 3 2 . . . . 3 5 4 . Leg 1 | . . . . . . . . . 9 2 . . . . . . . . . Wheel 1 | . 10 . . . . . . . . . . . . . . . . . . Flight 21 | . 11 25 25 25 30 35 35 30 18 28 31 31 32 33 33 16 15 14 2 Device 16 | . 11 20 25 25 11 . . 3 6 8 14 22 24 27 25 24 25 19 10 Processor 10 | . 25 8 . . 11 21 19 12 12 9 6 5 5 5 5 5 6 10 7 Hackware 6 | . . . . . 4 7 8 12 12 17 18 14 11 11 6 5 8 4 . Protection 1 | . . . . . . . 4 6 6 6 3 . 2 . . . . . . Energy Gun 5 | . 19 20 17 1 . . . . . . . . . . . . 5 2 . Ballistic Gun 1 | . . . . . 3 . 4 6 1 . . . . . . . . 2 2 Slashing Weapon 4 | . . . 7 1 7 7 7 6 6 6 6 5 5 5 5 4 3 5 4 Special Melee Weapon 1 | . . . . . . . . . 3 6 6 5 5 5 1 . . . . Peak Build Rating 125 | 7 12 16 23 23 38 37 43 49 50 69 70 79 86 76 100 125 125 124 77 Average Rating 60 | 4 9 13 20 15 32 36 40 46 44 62 67 77 79 76 85 119 122 114 46 On Entrance 53 | . 7 10 16 23 15 32 37 43 49 46 68 68 79 76 76 94 121 123 77 Avg Prop Armor Cover (%) 19 | . 7 . . . . . . . 25 28 . . . . . . 10 . . Naked Turns . | . . . . . . . . . . . . . . . . . . . . Heaviest Build 38 | 5 8 12 12 12 17 12 16 17 22 26 31 26 35 29 31 38 36 36 15 Greatest Support 41 | 20 20 8 8 8 20 25 25 23 23 29 29 35 35 33 33 41 41 41 15 Greatest Overweight (x) 2 | 1 . 1 1 1 1 . . . . . 1 . 1 . . . 2 . 2 Average Overweight (x) . | . . . 1 . . . . . . . . . . . . . . . . Largest Inventory Capacity 5 | 5 5 5 5 5 5 5 5 5 5 5 5 5 5 5 5 5 5 5 5 Average Capacity 5 | 5 5 5 5 5 5 5 5 5 5 5 5 5 5 5 5 5 5 5 5 Most Carried 5 | 5 5 5 5 4 5 5 5 5 5 5 5 5 5 5 5 5 5 5 5 Average Carried 3 | 1 2 4 3 3 4 4 4 4 2 4 4 4 4 5 4 4 3 4 4 Final Capacity 5 | 5 5 5 5 5 5 5 5 5 5 5 5 5 5 5 5 5 5 5 5 Final Carried 5 | 1 4 5 2 4 4 5 4 4 5 5 5 4 5 5 5 4 3 4 4 Scrap Suit Usage (%) 13 | . . 64 100 100 31 . . . . . . . . . . . . . . Parts Cannibalized 1 | . . . . . 1 . . . . . . . . . . . . . . Class Distribution -------------------- 32% | Hacker-Sprinter 22% | Hacker-Scout 21% | Hacker-Mutant 8% | Hacker-Scrapper 4% | Bothacker-Mutant 3% | Bothacker-Sprinter 3% | Hacker-Assassin Dominant Class ---------------- Hacker-Mutant | -10/Materials Hacker-Scrapper | -10/Mines Hacker-Scrapper | -10/Exiles Hacker-Scrapper | -9/Mines Hacker-Sprinter | -8/Materials Hacker-Sprinter | -7/Factory Hacker-Sprinter | -7/DSF Hacker-Sprinter | -6/Factory Bothacker-Mutant | -6/Garrison Bothacker-Sprinter | -6/Factory Hacker-Sprinter | -6/DSF Hacker-Sprinter | -5/Factory Hacker-Sprinter | -5/Garrison Hacker-Sprinter | -5/Factory Scavenger-Scout | -5/DSF Hacker-Scout | -4/Factory Hacker-Scout | -4/Upper Caves Hacker-Scout | -4/Upper Caves Hacker-Mutant | -4/Warlord Resources | -11 -10 -10 -10 -9 -8 -7 -7 -6 -6 -6 -6 -5 -5 -5 -5 -4 -4 -4 -4 ----------- Run | Yrd Mat Min Exi Min Mat Fac DSF Fac Gar Fac DSF Fac Gar Fac DSF Fac Upp Upp War Matter Collected 2162 | 270 35 85 . . 471 30 15 . 424 1 154 40 150 . 75 140 145 117 10 Remotely . | . . . . . . . . . . . . . . . . . . . . Salvage Created 5327 | 113 356 89 . . 1480 31 30 127 433 . . . 845 . 286 260 385 832 60 Parts 247 | 7 19 1 . . 75 2 4 5 20 . . . 39 . 16 7 22 26 4 Haulers Intercepted 1 | . . . . . 1 . . . . . . . . . . . . . . Recyclers Shooed . | . . . . . . . . . . . . . . . . . . . . Parts Field Recycled . | . . . . . . . . . . . . . . . . . . . . Retrieved Matter . | . . . . . . . . . . . . . . . . . . . . Parts Self-Destructed . | . . . . . . . . . . . . . . . . . . . . Prevented . | . . . . . . . . . . . . . . . . . . . . Parts Restored . | . . . . . . . . . . . . . . . . . . . . Kills | -11 -10 -10 -10 -9 -8 -7 -7 -6 -6 -6 -6 -5 -5 -5 -5 -4 -4 -4 -4 ------- Run | Yrd Mat Min Exi Min Mat Fac DSF Fac Gar Fac DSF Fac Gar Fac DSF Fac Upp Upp War Combat Hostiles Destroyed 101 | . 9 2 . . 24 . 2 2 14 . . . 16 . 6 3 10 12 1 Melee 74 | . . . . . 17 . 2 2 5 . . . 16 . 6 3 10 12 1 Guns 10 | . 8 1 . . 1 . . . . . . . . . . . . . . Cannons 1 | . . 1 . . . . . . . . . . . . . . . . . AOE 15 | . . . . . 6 . . . 9 . . . . . . . . . . Classes Destroyed 17 | 2 3 . . . 5 . 1 . 1 . . . 4 . . . . 1 . Builder 2 | . . . . . 2 . . . . . . . . . . . . . . Tunneler 2 | 2 . . . . . . . . . . . . . . . . . . . Hauler 1 | . . . . . 1 . . . . . . . . . . . . . . Recycler 4 | 1 . . . . 3 . . . . . . . . . . . . . . Watcher 8 | . 1 . . . 5 1 . . . . . . . . . 1 . . . Swarmer 24 | . 2 . . . 6 . . . 3 . . . 4 . . . 7 2 . Cutter 4 | . . . . . . . 2 . . . . . . . 2 . . . . Grunt 38 | . 7 2 . . 6 . . . 9 . . . 4 . 2 3 3 2 . Brawler 2 | . . . . . 1 . . . 1 . . . . . . . . . . Duelist 3 | . . . . . . . . . . . . . . . . . . 3 . Protector 1 | . . . . . . . . . . . . . 1 . . . . . . Sentry 14 | . . . . . 10 . . 2 . . . . . . . . . 2 . Demolisher 1 | . . . . . . . . . . . . . 1 . . . . . . Specialist 3 | . . . . . . . . . . . . . 3 . . . . . . Hunter 6 | . . . . . 1 . . . . . . . 2 . 2 . . 1 . Programmer 2 | . . . . . . . . . 1 . . . . . . . . 1 . Behemoth 2 | . . . . . . . . . . . . . 1 . . . . 1 . Butcher 1 | . . . . . . . . . . . . . . . . . . . 1 Best Kill Streak 8 | 2 2 2 . . 7 1 2 1 5 . . . 8 . 4 3 5 4 1 Combat Bots Only 8 | . 2 2 . . 4 . 2 1 5 . . . 8 . 4 3 5 4 1 Max Kills in Single Turn 2 | 1 1 1 . . 2 1 1 1 2 . . . 1 . 1 1 1 1 1 Gunslinging . | . . . . . . . . . . . . . . . . . . . . Exploded 2 | . . . . . 2 . . . 2 . . . . . . . . . . Melee 1 | . . . . . 1 . 1 1 1 . . . 1 . 1 1 1 1 1 Uniques/NPCs Destroyed . | . . . . . . . . . . . . . . . . . . . . Combat | -11 -10 -10 -10 -9 -8 -7 -7 -6 -6 -6 -6 -5 -5 -5 -5 -4 -4 -4 -4 -------- Run | Yrd Mat Min Exi Min Mat Fac DSF Fac Gar Fac DSF Fac Gar Fac DSF Fac Upp Upp War Hostile Shots Fired 589 | . 38 12 . . 76 . 3 57 57 . . . 56 . 36 7 38 89 120 Missed 233 | . 11 7 . . 29 . 3 30 23 . . . 26 . 14 2 17 36 35 Hits 356 | . 27 5 . . 47 . . 27 34 . . . 30 . 22 5 21 53 85 Melee 19 | . . . . . 2 . . . 3 . . . . . 2 . . 12 . Projectile 337 | . 27 5 . . 45 . . 27 31 . . . 30 . 20 5 21 41 85 AOE 6 | . . . . . . . 2 . . . . . 2 . 2 . . . . Critical Strikes 12 | . . . . . . . . . . . . . 1 . 2 . . 5 4 Actively Blocked 10 | . . . . . . . . . . . . . . . 1 . . 5 4 Damage Taken 4685 | . 207 37 . . 430 14 32 122 409 11 . . 551 . 328 94 215 947 1288 Core 1631 | . 68 21 . . 60 . 8 16 69 . . . 138 . 90 29 22 134 976 Absorbed by Shields 94 | . . . . . . . . . 34 . . . 23 . 37 . . . . Redirected to Shielding 49 | . . . . . . . 5 17 27 . . . . . . . . . . Ignored by Resistances 2829 | . 130 23 . . 270 8 20 84 265 6 . . 336 . 213 56 130 547 741 Regen/Repaired (Parts) 156 | . . . . . 114 24 . 18 . . . . . . . . . . . Core Remaining (%) 86 | 100 . . . 64 89 . 98 . . . 90 . . . 77 . . . . Volleys Fired 115 | 7 26 6 . . 24 . 2 1 27 . . . . . . 4 3 15 . Largest 2 | 2 2 2 . . 1 . 1 1 1 . . . . . . 1 1 1 . Hottest 100 | 80 80 100 . . 40 . 25 25 43 . . . . . . 5 69 33 . Shots Fired 154 | 14 53 12 . . 24 . 2 1 26 . . . . . . 4 3 15 . Gun 118 | 14 53 6 . . 15 . 2 1 10 . . . . . . . 2 15 . Cannon 6 | . . 6 . . . . . . . . . . . . . . . . . Launcher 25 | . . . . . 9 . . . 16 . . . . . . . . . . Special 5 | . . . . . . . . . . . . . . . . 4 1 . . Kinetic 42 | . . . . . 14 . 2 1 10 . . . . . . . . 15 . Thermal 82 | 14 53 12 . . 1 . . . . . . . . . . . 2 . . Explosive 25 | . . . . . 9 . . . 16 . . . . . . . . . . Electromagnetic . | . . . . . . . . . . . . . . . . . . . . Robot Hit Streak 36 | 11 26 15 . . 12 . 3 4 29 . . . . . . 33 36 6 . Robot Miss Streak 1 | . 1 1 . . 1 . . . . . . . . . . . . 1 . Penetration Max . | . . . . . . . . . . . . . . . . . . . . Secondary Targets . | . . . . . . . . . . . . . . . . . . . . Shots Hit Robots 425 | 11 44 10 . . 91 1 4 9 51 5 1 . 65 . 24 15 26 66 2 Core Hits 159 | 4 20 4 . . 33 1 2 4 25 . . . 19 . 6 4 12 23 2 Critical Kills . | . . . . . . . . . . . . . . . . . . . . Critical Parts Destroyed . | . . . . . . . . . . . . . . . . . . . . Critical Strikes 30 | . . . . . 8 . . 1 2 . . . 6 . 1 . 4 8 . Sever 30 | . . . . . 8 . . 1 2 . . . 6 . 1 . 4 8 . Melee Attacks 334 | . . . . . 73 1 3 8 28 5 1 . 89 . 24 11 23 59 9 Impact . | . . . . . . . . . . . . . . . . . . . . Slashing 311 | . . . . . 73 1 3 8 26 3 . . 71 . 24 11 23 59 9 Piercing . | . . . . . . . . . . . . . . . . . . . . Sneak Attacks 25 | . . . . . 7 1 . . . 2 . . 14 . . 1 . . . Combat Hostiles 9 | . . . . . 3 . . . . . . . 5 . . 1 . . . Follow-up Attacks . | . . . . . . . . . . . . . . . . . . . . Damage Inflicted 17836 | 119 499 147 . . 4740 88 125 390 2686 172 . . 3019 . 1190 602 1207 2774 78 Guns 1273 | 119 499 57 . . 220 . 36 16 191 . . . . . . . 38 97 . Cannons 90 | . . 90 . . . . . . . . . . . . . . . . . Explosions 1994 | . . . . . 597 . . . 1397 . . . . . . . . . . Melee 14479 | . . . . . 3923 88 89 374 1098 172 . . 3019 . 1190 602 1169 2677 78 Ramming . | . . . . . . . . . . . . . . . . . . . . Kinetic 548 | . . . . . 208 . 36 16 191 . . . . . . . . 97 . Thermal 815 | 119 499 147 . . 12 . . . . . . . . . . . 38 . . Explosive 1994 | . . . . . 597 . . . 1397 . . . . . . . . . . Electromagnetic . | . . . . . . . . . . . . . . . . . . . . Impact . | . . . . . . . . . . . . . . . . . . . . Slashing 14479 | . . . . . 3923 88 89 374 1098 172 . . 3019 . 1190 602 1169 2677 78 Piercing . | . . . . . . . . . . . . . . . . . . . . Highest Corruption 6 | . 1 1 1 1 . . . . 6 6 6 . . . 3 . . 4 4 Average Corruption 2 | . 1 1 1 1 . . . . 4 6 6 . . . 3 . . 4 4 Corruption Purged . | . . . . . . . . . . . . . . . . . . . . Corruption Blocked . | . . . . . . . . . . . . . . . . . . . . Effects 37 | . 4 3 4 . . . . . 17 5 1 . . . 2 . . 1 . Message Errors 13 | . 1 1 1 . . . . . 7 2 . . . . . . . 1 . Matter Fused 5 | . . 1 1 . . . . . 2 1 . . . . . . . . . Heat Flow Errors 2 | . . . . . . . . . . 1 1 . . . . . . . . Energy Discharges 8 | . 1 . . . . . . . 5 1 . . . . 1 . . . . Parts Fused 1 | . . 1 . . . . . . . . . . . . . . . . . Data Loss (minor) 5 | . 1 . 2 . . . . . 1 . . . . . 1 . . . . Data Loss (major) 1 | . . . . . . . . . 1 . . . . . . . . . . Misfires 1 | . 1 . . . . . . . . . . . . . . . . . . Weapon Failures 1 | . . . . . . . . . 1 . . . . . . . . . . Overload Shots . | . . . . . . . . . . . . . . . . . . . . Overflow Damage 1169 | . . . . . 329 . . . 144 18 . . 342 . 84 66 107 79 . Projectiles . | . . . . . . . . . . . . . . . . . . . . Explosions 54 | . . . . . 15 . . . 39 . . . . . . . . . . Melee 1115 | . . . . . 314 . . . 105 18 . . 342 . 84 66 107 79 . Knockbacks . | . . . . . . . . . . . . . . . . . . . . Impact . | . . . . . . . . . . . . . . . . . . . . Kinetic . | . . . . . . . . . . . . . . . . . . . . Secondary . | . . . . . . . . . . . . . . . . . . . . Self-Inflicted Damage 38 | . . . . . 21 . . . 17 . . . . . . . . . . Shots 6 | . . . . . 3 . . . 3 . . . . . . . . . . Rammed . | . . . . . . . . . . . . . . . . . . . . Targets Rammed . | . . . . . . . . . . . . . . . . . . . . Kicked . | . . . . . . . . . . . . . . . . . . . . Crushed . | . . . . . . . . . . . . . . . . . . . . Highest Temperature 289 | 72 204 51 . . 22 60 . 21 15 202 101 289 157 . . . . 2 . Average Temperature 41 | 29 86 28 . . 8 20 . 7 6 113 58 147 54 . . . . 2 . Received Heat Transfer 1170 | . 180 33 . . 225 . . 66 153 9 . . 108 . . 9 39 153 195 Siege Activations . | . . . . . . . . . . . . . . . . . . . . Martial Activations . | . . . . . . . . . . . . . . . . . . . . Shielding Activations . | . . . . . . . . . . . . . . . . . . . . Robots Disrupted . | . . . . . . . . . . . . . . . . . . . . Combat Hostiles . | . . . . . . . . . . . . . . . . . . . . Robots Corrupted . | . . . . . . . . . . . . . . . . . . . . Combat Hostiles . | . . . . . . . . . . . . . . . . . . . . Parts Fried . | . . . . . . . . . . . . . . . . . . . . Impact Corruptions . | . . . . . . . . . . . . . . . . . . . . Robots Melted 1 | . 1 . . . . . . . . . . . . . . . . . . Combat Hostiles 1 | . 1 . . . . . . . . . . . . . . . . . . Parts Melted 6 | 1 3 . . . . . . . . . . . 1 . . . . 1 . Heat Transferred 1784 | 275 1100 310 . . 25 . . . . . . . . . . . 74 . . Parts Sabotaged . | . . . . . . . . . . . . . . . . . . . . Parts Stolen . | . . . . . . . . . . . . . . . . . . . . Parts Stripped . | . . . . . . . . . . . . . . . . . . . . Power Chain Reactions . | . . . . . . . . . . . . . . . . . . . . Alert | -11 -10 -10 -10 -9 -8 -7 -7 -6 -6 -6 -6 -5 -5 -5 -5 -4 -4 -4 -4 ------- Run | Yrd Mat Min Exi Min Mat Fac DSF Fac Gar Fac DSF Fac Gar Fac DSF Fac Upp Upp War Maximum Alert Level 2 | . . . . . . . . . 2 . . . 2 1 1 . . . . Low Security (%) 79 | 100 100 100 . 100 100 100 100 100 26 100 100 100 33 . 38 100 . . . Level 1 12 | . . . . . . . . . 50 . . . 28 100 61 . . . . Level 2 7 | . . . . . . . . . 22 . . . 37 . . . . . . Level 3 . | . . . . . . . . . . . . . . . . . . . . Level 4 . | . . . . . . . . . . . . . . . . . . . . Level 5 . | . . . . . . . . . . . . . . . . . . . . High Security . | . . . . . . . . . . . . . . . . . . . . Max Security . | . . . . . . . . . . . . . . . . . . . . Peak Influence 632 | 5 50 50 . . 189 16 50 30 455 177 8 . 632 246 268 104 . . . Initial 246 | . 2 . . . . 16 . 19 . 177 8 . . 246 132 104 . . . Average 109 | . 6 5 . . 60 3 28 5 297 95 1 . 322 246 193 28 . . . Influence Increases 3846 | 15 259 50 . . 885 22 50 65 595 3 . . 872 . 166 104 330 430 . Destroy 0b10 Robot/C 2380 | . 180 40 . . 480 . 40 40 360 . . . 480 . 140 60 280 280 . Destroy 0b10 Robot/NC 90 | 15 5 . . . 55 5 . . . . . . 5 . . 5 . . . Destroy Leader 428 | . 52 10 . . 182 2 10 20 30 . . . 40 . 20 12 20 30 . Allied During Kill 43 | . . . . . . . . . 7 . . . 30 . 6 . . . . Successful Hack 61 | . 7 . . . 34 . . 5 . 3 . . . . . 12 . . . Disable Machine 8 | . . . . . 4 . . . 4 . . . . . . . . . . Anti-Garrison Action 300 | . . . . . . . . . 100 . . . 200 . . . . . . Destroy Structure 221 | . . . . . 40 . . . 79 . . . 102 . . . . . . Partial Spotted 105 | . . . . . 60 15 . . . . . . 15 . . 15 . . . Lose Combat Pursuer 210 | . 15 . . . 30 . . . 15 . . . . . . . 30 120 . Influence Decreases 3846 | 10 264 50 . . 834 73 . 115 140 443 15 . 240 386 144 372 330 400 30 Entered New Map 1048 | . 3 . . . . 35 . 31 . 278 7 . . 386 114 164 . . 30 Time Decay 2158 | 10 261 50 . . 722 38 . 84 . 165 . . . . . 208 320 300 . Lost Part 290 | . . . . . 40 . . . 100 . . . 40 . 30 . . 80 . Lost Ally 278 | . . . . . . . . . 40 . 8 . 200 . . . 10 20 . Purge Threat 72 | . . . . . 72 . . . . . . . . . . . . . . Squads Dispatched 12 | . 1 . . . 4 . 1 . . . . . . . 2 3 . 1 . Investigation 1 | . 1 . . . . . . . . . . . . . . . . . . Extermination 1 | . . . . . . . . . . . . . . . . 1 . . . Reinforcement 8 | . . . . . 3 . 1 . . . . . . . 2 2 . . . Assault 1 | . . . . . . . . . . . . . . . . . . 1 . Garrison 1 | . . . . . 1 . . . . . . . . . . . . . . Intercept . | . . . . . . . . . . . . . . . . . . . . Searches Triggered . | . . . . . . . . . . . . . . . . . . . . Construction Impeded . | . . . . . . . . . . . . . . . . . . . . Haulers Reinforced . | . . . . . . . . . . . . . . . . . . . . Active Scanning Responses . | . . . . . . . . . . . . . . . . . . . . Cargo Convoy Interrupts . | . . . . . . . . . . . . . . . . . . . . Stealth | -11 -10 -10 -10 -9 -8 -7 -7 -6 -6 -6 -6 -5 -5 -5 -5 -4 -4 -4 -4 --------- Run | Yrd Mat Min Exi Min Mat Fac DSF Fac Gar Fac DSF Fac Gar Fac DSF Fac Upp Upp War Distress Signals 5 | . 1 . . . 4 . . . . . . . . . . . . . . Communications Jammed . | . . . . . . . . . . . . . . . . . . . . Distress Signals . | . . . . . . . . . . . . . . . . . . . . Times Spotted 184 | . 15 2 . . 39 . 2 2 15 1 1 . 33 . 9 9 16 22 18 Peak Tracking Total 20 | . 3 2 . . 4 . 2 2 5 1 1 . 7 . 5 3 7 5 20 Tactical Retreats 13 | . 1 . . . 2 . . . 1 . . . 2 . . . 2 5 . ECM-based Alert Blocks 6 | . . . . . . . . . . . . . 6 . . . . . . Traps | -11 -10 -10 -10 -9 -8 -7 -7 -6 -6 -6 -6 -5 -5 -5 -5 -4 -4 -4 -4 ------- Run | Yrd Mat Min Exi Min Mat Fac DSF Fac Gar Fac DSF Fac Gar Fac DSF Fac Upp Upp War Traps Triggered 11 | . . . . . . 1 . . 2 . 1 . 6 . 1 . . . . Indirectly . | . . . . . . . . . . . . . . . . . . . . Trap Hack Attempts . | . . . . . . . . . . . . . . . . . . . . Triggered . | . . . . . . . . . . . . . . . . . . . . Disarmed 5 | . . . . . 1 . . . . . . . . . . 4 . . . Reprogrammed . | . . . . . . . . . . . . . . . . . . . . Reused . | . . . . . . . . . . . . . . . . . . . . Traps Extracted . | . . . . . . . . . . . . . . . . . . . . Installed . | . . . . . . . . . . . . . . . . . . . . Triggered . | . . . . . . . . . . . . . . . . . . . . Machines | -11 -10 -10 -10 -9 -8 -7 -7 -6 -6 -6 -6 -5 -5 -5 -5 -4 -4 -4 -4 ---------- Run | Yrd Mat Min Exi Min Mat Fac DSF Fac Gar Fac DSF Fac Gar Fac DSF Fac Upp Upp War Machines Disabled 8 | . . . . . 1 . . . 3 . . . 4 . . . . . . Max in Single Turn 1 | . . . . . 1 . . . 1 . . . 1 . . . . . . Garrison Access 1 | . . . . . 1 . . . . . . . . . . . . . . Garrison Relay 6 | . . . . . . . . . 2 . . . 4 . . . . . . Machines Repaired . | . . . . . . . . . . . . . . . . . . . . Machines Dismantled . | . . . . . . . . . . . . . . . . . . . . Machines Sabotaged . | . . . . . . . . . . . . . . . . . . . . Overloaded Fab Kills . | . . . . . . . . . . . . . . . . . . . . Hacking | -11 -10 -10 -10 -9 -8 -7 -7 -6 -6 -6 -6 -5 -5 -5 -5 -4 -4 -4 -4 --------- Run | Yrd Mat Min Exi Min Mat Fac DSF Fac Gar Fac DSF Fac Gar Fac DSF Fac Upp Upp War Machines Accessed 51 | . 9 . 1 . 17 4 . 7 1 2 . 1 3 1 . 4 1 . . Terminals 33 | . 7 . . . 10 2 . 4 1 1 . . 3 1 . 3 1 . . Fabricators 3 | . . . . . . . . 1 . 1 . . . . . 1 . . . Repair Stations 5 | . 1 . . . 2 1 . 1 . . . . . . . . . . . Recycling Units 4 | . 1 . . . 2 1 . . . . . . . . . . . . . Scanalyzers 2 | . . . . . 2 . . . . . . . . . . . . . . Garrison Access 3 | . . . . . 1 . . 1 . . . 1 . . . . . . . Total Hacks 166 | . 27 . 1 . 76 9 . 27 2 2 . 2 5 1 . 7 7 . . Successful 137 | . 23 . 1 . 60 9 . 23 1 2 . 2 3 1 . 5 7 . . Failed 29 | . 4 . . . 16 . . 4 1 . . . 2 . . 2 . . . Catastrophic 1 | . 1 . . . . . . . . . . . . . . . . . . Database Lockouts . | . . . . . . . . . . . . . . . . . . . . Manual 62 | . 25 . 1 . 21 3 . 10 . . . . . . . 2 . . . Terminals 120 | . 24 . . . 50 3 . 21 2 1 . . 5 1 . 6 7 . . Fabricators 4 | . . . . . . . . 2 . 1 . . . . . 1 . . . Repair Stations 13 | . 1 . . . 6 4 . 2 . . . . . . . . . . . Recycling Units 8 | . 2 . . . 4 2 . . . . . . . . . . . . . Scanalyzers 15 | . . . . . 15 . . . . . . . . . . . . . . Garrison Access 5 | . . . . . 1 . . 2 . . . 2 . . . . . . . Terminal Hacks 58 | . 9 . 1 . 20 1 . 12 1 1 . . 3 1 . 2 7 . . Record 14 | . 2 . . . 3 . . 2 . . . . . . . . 7 . . Robot Analysis 5 | . 4 . . . 1 . . . . . . . . . . . . . . Prototype ID Bank 3 | . 1 . . . . . . 2 . . . . . . . . . . . Open DSF 4 | . . . . . . 1 . . . 1 . . . 1 . 1 . . . Branch Access Points 2 | . . . . . . . . 2 . . . . . . . . . . . Emergency Access Points 4 | . . . . . . . . 2 1 . . . 1 . . . . . . Unreport Threat 2 | . 1 . . . 1 . . . . . . . . . . . . . . Locate Traps 1 | . . . . . 1 . . . . . . . . . . . . . . Disarm Traps 3 | . . . . . 2 . . . . . . . . . . 1 . . . Surveillance Status 1 | . . . . . 1 . . . . . . . . . . . . . . Transport Status 2 | . . . . . 1 . . 1 . . . . . . . . . . . Investigation Status 1 | . . . . . 1 . . . . . . . . . . . . . . Reinforcement Status 1 | . . . . . . . . 1 . . . . . . . . . . . Recall Investigation 3 | . . . . . 3 . . . . . . . . . . . . . . Recall Reinforcements 2 | . 1 . . . 1 . . . . . . . . . . . . . . Recall Assault 1 | . . . . . 1 . . . . . . . . . . . . . . Hauler Manifests 3 | . . . . . 2 . . 1 . . . . . . . . . . . Registered Components 1 | . . . . . 1 . . . . . . . . . . . . . . Zone Layout 2 | . . . . . 1 . . 1 . . . . . . . . . . . Patrol Navigation 1 | . . . . . . . . . . . . . 1 . . . . . . Security Stations 1 | . . . . . . . . . . . . . 1 . . . . . . Proto ID Catalog 1 | . . . 1 . . . . . . . . . . . . . . . . Fabricator Hacks 4 | . . . . . . . . 2 . 1 . . . . . 1 . . . Network Status 3 | . . . . . . . . 1 . 1 . . . . . 1 . . . Build 1 | . . . . . . . . 1 . . . . . . . . . . . Repair Station Hacks 13 | . 1 . . . 6 4 . 2 . . . . . . . . . . . Scan Component 6 | . . . . . 3 2 . 1 . . . . . . . . . . . Repair 6 | . . . . . 3 2 . 1 . . . . . . . . . . . Refit 1 | . 1 . . . . . . . . . . . . . . . . . . Recycling Unit Hacks 4 | . 1 . . . 2 1 . . . . . . . . . . . . . Report Inventory 4 | . 1 . . . 2 1 . . . . . . . . . . . . . Scanalyzer 15 | . . . . . 15 . . . . . . . . . . . . . . Insert Component 4 | . . . . . 4 . . . . . . . . . . . . . . Analyze 4 | . . . . . 4 . . . . . . . . . . . . . . Retrieve Study 7 | . . . . . 7 . . . . . . . . . . . . . . Garrison Access Hacks 4 | . . . . . 1 . . 1 . . . 2 . . . . . . . Unlock Access 2 | . . . . . . . . 1 . . . 1 . . . . . . . Seal Access 1 | . . . . . 1 . . . . . . . . . . . . . . Coupler Status 1 | . . . . . . . . . . . . 1 . . . . . . . Unauthorized Hacks 39 | . 12 . . . 16 3 . 6 . . . . . . . 2 . . . Terminals 35 | . 11 . . . 14 2 . 6 . . . . . . . 2 . . . Assimilate 3 | . . . . . 2 . . . . . . . . . . 1 . . . Botnet 14 | . 5 . . . 5 1 . 3 . . . . . . . . . . . Skim 18 | . 6 . . . 7 1 . 3 . . . . . . . 1 . . . Fabricators . | . . . . . . . . . . . . . . . . . . . . Repair Stations . | . . . . . . . . . . . . . . . . . . . . Recycling Units 4 | . 1 . . . 2 1 . . . . . . . . . . . . . Reject 4 | . 1 . . . 2 1 . . . . . . . . . . . . . Scanalyzers . | . . . . . . . . . . . . . . . . . . . . Garrison Access . | . . . . . . . . . . . . . . . . . . . . Data Cores Recovered . | . . . . . . . . . . . . . . . . . . . . Used . | . . . . . . . . . . . . . . . . . . . . Hacking Detections 28 | . 8 . . . 10 3 . 4 . 1 . . 1 . . 1 . . . Full Trace Events 1 | . 1 . . . . . . . . . . . . . . . . . . Feedback Events 1 | . 1 . . . . . . . . . . . . . . . . . . Corruption 1 | . 1 . . . . . . . . . . . . . . . . . . Feedback Blocked . | . . . . . . . . . . . . . . . . . . . . Robot Schematics Acquired . | . . . . . . . . . . . . . . . . . . . . Robots Built 4 | . . . . . . . . 4 . . . . . . . . . . . Authchips . | . . . . . . . . . . . . . . . . . . . . Time 81 | . . . . . . . . 81 . . . . . . . . . . . Total Robot Build Rating 4 | . . . . . . . . 4 . . . . . . . . . . . Part Schematics Acquired 4 | . . . . . 4 . . . . . . . . . . . . . . Parts Built . | . . . . . . . . . . . . . . . . . . . . Authchips . | . . . . . . . . . . . . . . . . . . . . Time . | . . . . . . . . . . . . . . . . . . . . Total Part Build Rating . | . . . . . . . . . . . . . . . . . . . . Part Studies Acquired 7 | . . . . . 7 . . . . . . . . . . . . . . Parts Repaired 6 | . . . . . 3 2 . 1 . . . . . . . . . . . Time 158 | . . . . . 90 52 . 16 . . . . . . . . . . . Parts Recycled . | . . . . . . . . . . . . . . . . . . . . Recycled Matter . | . . . . . . . . . . . . . . . . . . . . Retrieved Matter . | . . . . . . . . . . . . . . . . . . . . Retrieved Components . | . . . . . . . . . . . . . . . . . . . . Parts Scanalyzed 4 | . . . . . 4 . . . . . . . . . . . . . . Part Schematics Acquired 4 | . . . . . 4 . . . . . . . . . . . . . . Parts Damaged . | . . . . . . . . . . . . . . . . . . . . Bothacking | -11 -10 -10 -10 -9 -8 -7 -7 -6 -6 -6 -6 -5 -5 -5 -5 -4 -4 -4 -4 ------------ Run | Yrd Mat Min Exi Min Mat Fac DSF Fac Gar Fac DSF Fac Gar Fac DSF Fac Upp Upp War Used RIF Installer 2 | . . . . . . . . . 1 . . . 1 . . . . . . Patrol Navigation 1 | . . . . . . . . . . . . . 1 . . . . . . Robots Hacked 23 | . . . . . . . . . 1 2 1 . 15 . . 3 1 . . Non-combat 1 | . . . . . . . . . . 1 . . . . . . . . . Combat 22 | . . . . . . . . . 1 1 1 . 15 . . 3 1 . . Robot Hacks Applied 23 | . . . . . . . . . 1 2 1 . 15 . . 3 1 . . parse_system 1 | . . . . . . . . . . . . . 1 . . . . . . ignore_parts 1 | . . . . . . . . . . 1 . . . . . . . . . overload_power 3 | . . . . . . . . . . . . . 3 . . . . . . amplify_resonance 1 | . . . . . . . . . . . . . 1 . . . . . . overwrite_iff 2 | . . . . . . . . . . . . . 2 . . . . . . formatsys_high 15 | . . . . . . . . . 1 1 1 . 8 . . 3 1 . . Relay Couplers Released 29 | . . . . . . . . . 13 . . . 16 . . . . . . Machine Destruction 25 | . . . . . . . . . 9 . . . 16 . . . . . . Programmers 4 | . . . . . . . . . 4 . . . . . . . . . . Attached 12 | . . . . . . . . . 2 1 1 . 6 . . 2 . . . Fabnet Peak Effective % . | . . . . . . . . . . . . . . . . . . . . Robots Rewired . | . . . . . . . . . . . . . . . . . . . . Allies Hacked . | . . . . . . . . . . . . . . . . . . . . Hacks Repelled . | . . . . . . . . . . . . . . . . . . . . Allies | -11 -10 -10 -10 -9 -8 -7 -7 -6 -6 -6 -6 -5 -5 -5 -5 -4 -4 -4 -4 -------- Run | Yrd Mat Min Exi Min Mat Fac DSF Fac Gar Fac DSF Fac Gar Fac DSF Fac Upp Upp War Total Allies 24 | . . . . . . . . 4 3 1 1 . 10 . . 4 1 . . Largest Group 7 | . . . . . . . . 4 4 4 3 3 7 2 2 3 2 1 . Highest-Rated Group 321 | . . . . . . . . 24 162 189 184 184 321 58 58 111 75 49 . Highest-Rated Ally 90 | . . . . . . . . 6 80 80 90 90 90 29 29 56 49 49 . Total Orders 10 | . . . . . . . . . 1 . . . 8 . . . 1 . . STAY 1 | . . . . . . . . . . . . . . . . . 1 . . ROAM 5 | . . . . . . . . . . . . . 5 . . . . . . FOLLOW 1 | . . . . . . . . . . . . . 1 . . . . . . GUARD 3 | . . . . . . . . . 1 . . . 2 . . . . . . Ally Attacks 131 | . . . . . . . . . 16 2 2 . 60 . 27 12 8 4 . Total Damage 3234 | . . . . . . . . . 451 52 53 . 1668 . 422 216 219 153 . Kills 20 | . . . . . . . . . 4 . . . 9 . 1 . 4 2 . Allies Corrupted . | . . . . . . . . . . . . . . . . . . . . Allies Melted . | . . . . . . . . . . . . . . . . . . . . Intel | -11 -10 -10 -10 -9 -8 -7 -7 -6 -6 -6 -6 -5 -5 -5 -5 -4 -4 -4 -4 ------- Run | Yrd Mat Min Exi Min Mat Fac DSF Fac Gar Fac DSF Fac Gar Fac DSF Fac Upp Upp War Active Infowar (turns) 5684 | . . . . . 814 112 37 267 902 236 115 41 685 6 136 500 982 739 112 Optics 5684 | . . . . . 814 112 37 267 902 236 115 41 685 6 136 500 982 739 112 A.S.S. 2257 | . . . . . . . . . . . . . . . 73 500 982 702 . IFF 4 | . . . . . . . . 4 . . . . . . . . . . . Cloaking 816 | . . . . . . . . 126 240 129 115 41 165 . . . . . . ECM 889 | . . . . . . . . . . 113 115 41 575 6 39 . . . . Robot Analysis Total 5 | . 4 . . . 1 . . . . . . . . . . . . . . Derelict Logs Recovered 4 | . . 1 . 1 . . . . . . . . . . . . 1 1 . Drone Launches . | . . . . . . . . . . . . . . . . . . . . Drone Recoveries . | . . . . . . . . . . . . . . . . . . . . Exploration | -11 -10 -10 -10 -9 -8 -7 -7 -6 -6 -6 -6 -5 -5 -5 -5 -4 -4 -4 -4 ------------- Run | Yrd Mat Min Exi Min Mat Fac DSF Fac Gar Fac DSF Fac Gar Fac DSF Fac Upp Upp War Turns Passed 8025 | 91 1069 363 347 86 1197 112 37 267 902 236 115 41 685 6 136 500 982 739 114 Spaces Moved 10030 | 68 724 435 246 220 1733 154 75 471 942 203 152 124 962 11 192 712 1386 1032 188 Core 94 | 42 . . . . . . . . . . . . . . . . . . 52 Treads . | . . . . . . . . . . . . . . . . . . . . Legs 16 | . . . . . . . . . 16 . . . . . . . . . . Wheels 436 | 26 410 . . . . . . . . . . . . . . . . . . Hover 103 | . 103 . . . . . . . . . . . . . . . . . . Flight 9381 | . 211 435 246 220 1733 154 75 471 926 203 152 124 962 11 192 712 1386 1032 136 Fastest Speed 17 | 50 37 37 117 37 27 24 23 23 23 26 27 24 22 22 17 19 34 34 40 Average Speed 42 | 78 68 73 117 37 29 24 23 23 45 33 27 24 23 22 20 31 56 34 50 Slowest Speed 200 | 100 85 117 117 117 110 26 24 23 120 64 107 27 107 22 22 34 200 40 150 Overloaded Moves . | . . . . . . . . . . . . . . . . . . . . Propulsion Burnouts . | . . . . . . . . . . . . . . . . . . . . Robots Hopped 11 | . . 2 . 3 5 . . . . . . . . . . 1 . . . Potential Cave-ins . | . . . . . . . . . . . . . . . . . . . . Cave-ins Triggered . | . . . . . . . . . . . . . . . . . . . . Exploration Rate (%) 56 | 3 98 85 62 63 98 5 64 15 55 6 97 5 89 . 94 17 94 86 36 Regions Visited 19 Branch Regions 6 Pre-discovered Areas 5 | . . . . 1 2 . . . . . . . . . . . 1 1 . Known Exits Taken 14 | 1 1 1 1 1 1 1 . 1 . 1 . 1 . 1 . 1 1 1 . Unknown Exits Taken . | . . . . . . . . . . . . . . . . . . . . Scrap Searched 10 | . . 2 . 1 . . . . . . . . . . . . 3 4 . Spaces Dug . | . . . . . . . . . . . . . . . . . . . . Terrain Destroyed 157 | . . . . . 46 . . . 107 . . . . . . . . 4 . Melee . | . . . . . . . . . . . . . . . . . . . . Projectile 3 | . . . . . . . . . . . . . . . . . . 3 . AOE 153 | . . . . . 46 . . . 107 . . . . . . . . . . Terrain Rammed . | . . . . . . . . . . . . . . . . . . . . Walls Destroyed . | . . . . . . . . . . . . . . . . . . . . Machines Disabled . | . . . . . . . . . . . . . . . . . . . . Actions | -11 -10 -10 -10 -9 -8 -7 -7 -6 -6 -6 -6 -5 -5 -5 -5 -4 -4 -4 -4 --------- Run | Yrd Mat Min Exi Min Mat Fac DSF Fac Gar Fac DSF Fac Gar Fac DSF Fac Upp Upp War Total 13428 | 90 1245 467 306 221 2325 227 88 622 1357 369 224 134 1371 13 272 981 1560 1357 199 Wait 2444 | . 474 17 54 3 430 62 . 130 306 135 54 5 188 3 13 206 131 233 . Move 9986 | 67 723 430 245 213 1722 153 74 470 940 202 151 123 960 10 190 709 1385 1031 188 Hop 11 | . . 2 . 3 5 . . . . . . . . . . 1 . . . Pick Up 156 | 8 9 4 1 . 27 6 3 6 14 11 6 2 20 . 9 18 4 8 . Fast Attach . | . . . . . . . . . . . . . . . . . . . . Attach 76 | 7 1 1 1 . 21 1 1 3 9 6 1 3 6 . 3 6 1 4 1 Detach 10 | . . . 1 2 2 . . . 1 . . . 2 . . . 1 . 1 Swap 74 | 1 7 2 1 . 9 2 3 . 3 4 5 . 11 . 8 6 8 4 . Drop 92 | . 5 4 3 . 12 2 2 4 5 6 5 1 9 . 8 19 4 3 . Fire 115 | 7 26 6 . . 24 . 2 1 27 . . . . . . 4 3 15 . Melee 334 | . . . . . 73 1 3 8 28 5 1 . 89 . 24 11 23 59 9 Ram . | . . . . . . . . . . . . . . . . . . . . Kick . | . . . . . . . . . . . . . . . . . . . . Crush . | . . . . . . . . . . . . . . . . . . . . Escape Stasis 125 | . . . . . . . . . 23 . . . 85 . 17 . . . . Rewire 5 | . . 1 . . . . . . 1 . 1 . 1 . . 1 . . . Trap . | . . . . . . . . . . . . . . . . . . . . Miscellaneous . | . . . . . . . . . . . . . . . . . . . . Route ------- -11/Scrapyard -10/Materials (discovered 5 exits: *Mat x3 / *Min / Sub) -10/Mines (discovered 4 exits: *Mat x2 / *Exi / *Sub) -10/Exiles (discovered 2 exits: *Min x2) -9/Mines -8/Materials (discovered 3 exits: *Fac x3) -7/Factory (discovered 2 exits: Fac / DSF) -7/DSF -6/Factory (discovered 4 exits: *Fac / *Low x2 / Gar) -6/Garrison (discovered 2 exits: *Fac x2) -6/Factory -6/DSF -5/Factory -5/Garrison (discovered 3 exits: *Fac x3) -5/Factory -5/DSF -4/Factory (discovered 2 exits: *Res / *Upp) -4/Upper Caves -4/Upper Caves -4/Warlord (discovered 1 exit: *Pro) History --------- Turn | Location | Event 6 | -11/Scrapyard | Identified exit to Materials 6 | -11/Scrapyard | Discovered exit to Materials (range 15) 92 | -11/Scrapyard | Entered Materials 92 | -10/Materials | Evolved 1 slot: Utility x1 309 | -10/Materials | Identified exit to Materials 309 | -10/Materials | Discovered exit to Materials (range 7) 317 | -10/Materials | Build established: Hacker-Mutant 465 | -10/Materials | Identified exit to Mines 465 | -10/Materials | Discovered exit to Mines (range 16) 685 | -10/Materials | Discovered exit to Materials (range 4) 734 | -10/Materials | Discovered exit to Materials (range 10) 789 | -10/Materials | Identified exit to Subcaves 864 | -10/Materials | Learned 4 Subcaves zone layouts 931 | -10/Materials | Learned 2 Storage zone layouts 988 | -10/Materials | Learned Storage trap positions 992 | -10/Materials | Derelicts attacked the area 1161 | -10/Materials | Entered Mines 1239 | -10/Mines | Discovered exit to Materials (range 6) 1257 | -10/Mines | Discovered exit to Materials (range 5) 1274 | -10/Mines | Discovered exit to Subcaves (range 11) 1285 | -10/Mines | Found a Scrap Suit stashed away for nefarious purposes 1287 | -10/Mines | Found Scrap Suit 1314 | -10/Mines | A weapon hastily lodged in a ceiling crevice suddenly fell to the ground 1453 | -10/Mines | Learned Materials terminal intel 1519 | -10/Mines | Deemed a non-threat by the Exiles lab entrance 1519 | -10/Mines | Identified exit to Exiles 1519 | -10/Mines | Discovered exit to Exiles (range 5) 1524 | -10/Mines | Entered Exiles 1525 | -10/Exiles | Identified exit to Mines 1553 | -10/Exiles | Met 8R-AWN 1574 | -10/Exiles | Met EX-HEX 1582 | -10/Exiles | Build established: Hacker-Scrapper 1606 | -10/Exiles | Met EX-BIN 1620 | -10/Exiles | Aligned with FarCom system 1622 | -10/Exiles | Given EX-Vault access code 1649 | -10/Exiles | Opened EX-Vault 1658 | -10/Exiles | Found Longsword +1 1687 | -10/Exiles | Warned to stay clear of 0b10 Research branches 1702 | -10/Exiles | Exiles lab attacked by MAIN.C 1871 | -10/Exiles | Left Exiles lab with Longsword +1 1871 | -10/Exiles | Entered Mines 1872 | -9/Mines | Assembled infested the area 1877 | -9/Mines | Assisted by a Guerilla fighting off Assembled 1894 | -9/Mines | Learned Materials trap positions 1953 | -9/Mines | Identified exit to Materials 1953 | -9/Mines | Discovered exit to Materials (range 6) 1954 | -9/Mines | Learned location of Storage (-9) 1957 | -9/Mines | Entered Materials 1957 | -8/Materials | Evolved 4 slots: Power x1, Propulsion x2, Utility x1 1958 | -8/Materials | Loaded intel: 10 trap records 1959 | -8/Materials | Loaded intel: 12 terminal locations 2114 | -8/Materials | Identified exit to Factory 2114 | -8/Materials | Discovered exit to Factory (range 9) 2361 | -8/Materials | Build established: Hacker-Sprinter 2367 | -8/Materials | Repaired Lgt. Ion Engine 2480 | -8/Materials | Learned location of Zion (-7) 2534 | -8/Materials | Learned Storage trap positions 2547 | -8/Materials | Learned Factory emergency access door positions 2552 | -8/Materials | Learned location of Lower Caves (-6) 2553 | -8/Materials | Learned Storage stockpile data 2561 | -8/Materials | Learned Factory stockpile data 2578 | -8/Materials | Learned location of 1 exit from Storage 2605 | -8/Materials | Learned Recycling recycling unit intel 2843 | -8/Materials | Repaired Lgt. Deuterium Engine 2872 | -8/Materials | Repaired Lgt. Ion Engine 3154 | -8/Materials | Entered Factory 3154 | -7/Factory | Evolved 2 slots: Propulsion x1, Utility x1 3155 | -7/Factory | Identified exit to Factory 3201 | -7/Factory | Repaired Flight Unit+ 3228 | -7/Factory | Repaired Flight Unit+ 3266 | -7/Factory | Identified exit to DSF 3266 | -7/Factory | Entered DSF 3290 | -7/DSF | Discovered exit to Factory (range 19) 3291 | -7/DSF | Additional patrols routed to DSF 3303 | -7/DSF | Entered Factory 3303 | -6/Factory | Evolved 2 slots: Utility x2 3341 | -6/Factory | Identified exit to Lower Caves 3445 | -6/Factory | Identified exit to Factory 3445 | -6/Factory | Discovered exit to Factory (range 18) 3470 | -6/Factory | Repaired VTOL Module+ 3476 | -6/Factory | Identified exit to Garrison 3560 | -6/Factory | Fabricated K-01 Serf (x4) 3570 | -6/Factory | Entered Garrison 3570 | -6/Garrison | Accompanied by 4 allies 3587 | -6/Garrison | Garrison Relay disabled 3588 | -6/Garrison | Triggered checkpoint 3622 | -6/Garrison | Lost 4 allies 3710 | -6/Garrison | Triggered checkpoint 3782 | -6/Garrison | Identified exit to Factory 3782 | -6/Garrison | Discovered exit to Factory (range 12) 3795 | -6/Garrison | Lost 3 parts (1p2n) 3802 | -6/Garrison | Triggered checkpoint 3844 | -6/Garrison | Discovered exit to Factory (range 8) 3856 | -6/Garrison | Triggered checkpoint 3903 | -6/Garrison | Installed Relay Interface Framework 3921 | -6/Garrison | Garrison Relay disabled 3922 | -6/Garrison | Lost 3 parts (1p2n) 4150 | -6/Garrison | Found embedded Infiltrators 4431 | -6/Garrison | Build established: Bothacker-Mutant 4472 | -6/Garrison | Entered Factory 4472 | -6/Factory | Accompanied by 3 allies 4708 | -6/Factory | Identified exit to DSF 4708 | -6/Factory | Entered DSF 4708 | -6/DSF | Accompanied by 3 allies 4714 | -6/DSF | Discovered exit to Factory (range 20) 4737 | -6/DSF | Additional patrols routed to DSF 4772 | -6/DSF | Found Powered Armor 4823 | -6/DSF | Entered Factory 4823 | -5/Factory | Accompanied by 3 allies 4823 | -5/Factory | Evolved 2 slots: Propulsion x1, Utility x1 4859 | -5/Factory | Identified exit to Garrison 4864 | -5/Factory | Entered Garrison 4864 | -5/Garrison | Accompanied by 3 allies 4920 | -5/Garrison | Triggered checkpoint 4938 | -5/Garrison | Learned Factory security intel 4978 | -5/Garrison | Spotted B-75 Beast 4996 | -5/Garrison | Triggered checkpoint 5012 | -5/Garrison | Triggered checkpoint 5037 | -5/Garrison | Destroyed B-75 Beast 5053 | -5/Garrison | Garrison Relay disabled 5054 | -5/Garrison | Lost 7 allies 5063 | -5/Garrison | Build established: Hacker-Sprinter 5093 | -5/Garrison | Garrison Relay disabled 5096 | -5/Garrison | Triggered checkpoint 5132 | -5/Garrison | Triggered checkpoint 5140 | -5/Garrison | Identified exit to Factory 5140 | -5/Garrison | Discovered exit to Factory (range 14) 5229 | -5/Garrison | Discovered exit to Factory (range 11) 5266 | -5/Garrison | Triggered checkpoint 5279 | -5/Garrison | Garrison Relay disabled 5358 | -5/Garrison | Destroyed 8 combat bots 5424 | -5/Garrison | Triggered checkpoint 5454 | -5/Garrison | Discovered exit to Factory (range 11) 5458 | -5/Garrison | Expanded RIF knowledge: Patrol Navigation 5490 | -5/Garrison | Triggered checkpoint 5496 | -5/Garrison | Garrison Relay disabled 5549 | -5/Garrison | Entered Factory 5549 | -5/Factory | Accompanied by 2 allies 5551 | -5/Factory | Identified exit to DSF 5555 | -5/Factory | Entered DSF 5555 | -5/DSF | Accompanied by 2 allies 5567 | -5/DSF | Identified exit to Factory 5567 | -5/DSF | Discovered exit to Factory (range 19) 5584 | -5/DSF | Additional patrols routed to DSF 5616 | -5/DSF | Found Prototype Device 5618 | -5/DSF | Identified Active Sensor Suite 5625 | -5/DSF | Lost 3 parts (1n2u) 5691 | -5/DSF | Entered Factory 5691 | -4/Factory | Accompanied by 1 ally 5691 | -4/Factory | Evolved 2 slots: Utility x2 5888 | -4/Factory | Identified exit to Research 5888 | -4/Factory | Discovered exit to Research (range 14) 5994 | -4/Factory | Build established: Hacker-Scout 6151 | -4/Factory | Identified exit to Upper Caves 6151 | -4/Factory | Discovered exit to Upper Caves (range 11) 6191 | -4/Factory | Entered Upper Caves 6191 | -4/Upper Caves | Accompanied by 2 allies 6205 | -4/Upper Caves | Attracted the attention of an 0b10 base 6235 | -4/Upper Caves | Learned location of 2 exits from Lower Caves 6235 | -4/Upper Caves | Learned Research trap positions 6235 | -4/Upper Caves | Learned Research security intel 6250 | -4/Upper Caves | Found DCF Scrap (12 items) 6439 | -4/Upper Caves | Encountered a Warlord checkpoint 6848 | -4/Upper Caves | Learned Research security intel 6848 | -4/Upper Caves | Identified exit to Upper Caves 6848 | -4/Upper Caves | Discovered exit to Upper Caves (range 5) 7173 | -4/Upper Caves | Entered another Upper Caves area 7173 | -4/Upper Caves | Accompanied by 1 ally 7549 | -4/Upper Caves | Attracted the attention of an 0b10 checkpoint 7609 | -4/Upper Caves | Attracted the attention of an 0b10 outpost 7691 | -4/Upper Caves | Learned location of Armory (-4) 7698 | -4/Upper Caves | Identified exit to Warlord 7698 | -4/Upper Caves | Discovered exit to Warlord (range 10) 7728 | -4/Upper Caves | Spotted B-86 Titan 7747 | -4/Upper Caves | Destroyed B-86 Titan 7775 | -4/Upper Caves | Lost 3 parts (1n2u) 7898 | -4/Upper Caves | Lost 5 parts (2p2n1u) 7912 | -4/Upper Caves | Entered Warlord 7935 | -4/Warlord | Identified exit to Proximity Caves 7935 | -4/Warlord | Discovered exit to Proximity Caves (range 8) 7950 | -4/Warlord | System corruption cleaned by Quarantine Array 7952 | -4/Warlord | RIF detected upon attempting to enter Warlord's base 7952 | -4/Warlord | Attacked by Warlord forces 7956 | -4/Warlord | Spotted CJ-XM7(B) 7956 | -4/Warlord | Spotted 70-I44(B) 7959 | -4/Warlord | Spotted YO-71I(g) 7999 | -4/Warlord | Core integrity fell below 50% 8006 | -4/Warlord | Lost 5 parts (1n3u1w) 8021 | -4/Warlord | Core integrity fell below 20% 8026 | -4/Warlord | Destroyed by W9-VTT(Y) with Heavy Autocannon Last Messages --------------- 07952_ ANNOUNCEMENT: Internal threat detected, destroy unregistered bots on sight. 07956_ Slug penetrates Blast Doors. 07959_ Knocked back. 07961_ KE Penetrator destroyed. 07961_ Adv. Cooling System destroyed. 07967_ Field Propulsion Array destroyed. 07968_ Active Sensor Suite destroyed. 07975_ Imp. Melee Analysis Suite destroyed. 07977_ Connecting with WAR.Sys... 07998_ Knocked back. 07999_ RK-0GX(l) destroyed. 08001_ Acquired 10 matter. 08014_ Connecting with WAR.Sys... 08015_ Knocked back. 08022_ Longsword +1 destroyed. 08022_ Knocked back. 08023_ Slug penetrates Deuterium Array. 08024_ Adv. Visual Processing Unit destroyed. [Achievement: Achiever] Map ----- +----------------------------------------------------+ | ?????????????????????????????????????????????????? | | ?????????????????????????????????????????????????? | | ?????????????????????????????????????????????????? | | ?????????????????????????????????????????????????? | | ?????????????????????????????????????????????????? | | ?????????????????????????????????+#??????????????? | | ??????????????????????????????### #??????????????? | | ??????????????????????????????# ??????????????? | | ?????????????????????????????? #??????????????? | | ??????????????????????????????# #??????????????? | | ??????????????????????????????# #??????????????? | | ??????????????????????????????# #??????""??????? | | ??????????????????????????????# #?????#""#?????? | | ??????????????????????????????# ##????#""#?????? | | ???????????????????#######????# #????#""#?????? | | ?????????########### #????# #?????#""#?????? | | ?????????# # #?#### #######""#####?? | | ?????????# # #?# % # "" "### | | ?????????# #?? #?# # "" """" | | ??????#### !! #??##+### % ; "" """" | | ????? # [ ! #??# + | | ??### # [[ #?## % + | | ??# / # #?# ; | | ### # # ???#; + ^ | | # # ######+####+######; ; # "" """" | | # % % @%; # "" """" | | +% Y # # "" "### | | "=!% """"" #### #######""#####?? | | #*%= """""% #??# #?????#""#?????? | | X ###/######" ^""""" #;####??# #?????#""#?????? | | # # #??# b MY ###?????# #?????#""#?????? | | ### #??# %% ##??????# #??????""??????? | | ??# #### "#??????##+##??????????????? | | ??# / g % %#?????????????????????????? | | ??# ####;/#########?????????????????????????? | | ??# #?#% #??????????????????????????????? | | ??# #?##"" X#??????????????????????????????? | | ??# #??#"" ""#??????????????????????????????? | | ??# #??#" "#??????????????????????????????? | | ??# #??#"""""#??????????????????????????????? | | ??# #??#"""""#??????????????????????????????? | | ??# #??#######??????????????????????????????? | | ??# #???????????????????????????????????????? | | ??########???????????????????????????????????????? | | ?????????????????????????????????????????????????? | | ?????????????????????????????????????????????????? | | ?????????????????????????????????????????????????? | | ?????????????????????????????????????????????????? | | ?????????????????????????????????????????????????? | | ?????????????????????????????????????????????????? | +----------------------------------------------------+ Best States ------------- Heat Dissipation 74 Energy Generation 31 Energy Capacity 375 Matter Stores 300 Matter Capacity 300 Sight Range 20 Robot Scan Range 20 Terrain Scan Density 10 ECM Strength 1 Cloak Strength 3 Armor Coverage 400 Resistance: KI 35 Resistance: TH 35 Resistance: EX 35 Resistance: EM 35 Resistance: I 35 Resistance: S 35 Resistance: P 35 Weapon Shielding 66 Melee Speed Boost 20 Evasion (%) 78 Targeting Accuracy 14 Melee Accuracy 6 Offensive Hacking 30 Defensive Hacking 10 Relay Coupler Types 3 Relay Coupler Value 119 Authchip Count 1 Item Schematics ----------------- Flight Unit | -8/Materials | Scanalyzed Minigun | -8/Materials | Scanalyzed Adv. Beam Cannon | -8/Materials | Scanalyzed Imp. Datajack | -8/Materials | Scanalyzed Robot Schematics ------------------ None Fabricated ------------ K-01 Serf | x4 | -6/Factory | Preloaded Repaired ---------- Lgt. Ion Engine | 5% | -8/Materials Lgt. Deuterium Engine | 18% | -8/Materials Lgt. Ion Engine | 20% | -8/Materials Flight Unit | 50% | -7/Factory Flight Unit | 30% | -7/Factory VTOL Module | 28% | -6/Factory Studied --------- Flight Unit | -8/Materials | Hacked VTOL Module | -8/Materials | Hacked Mni. Grenade Launcher | -8/Materials | Hacked Lgt. Ion Engine | -8/Materials | Hacked Minigun | -8/Materials | Hacked Imp. Datajack | -8/Materials | Hacked Lgt. Deuterium Engine | -8/Materials | Hacked Alien Tech Used ----------------- None Achievements -------------- Achiever Armchair Analyst Assimilation Complete Error 47 Join The Dark Side Knowing Is Half The Battle Mindtrick Prolific Hacker Some Acronyms Are Better Than Others Watch This! You Will Be Upgraded Challenges ------------ None Game ------ Seed DamperNetworkedBuckler Manual? 0 Play Time 02:46:48 Cumulative 29.3 hours Start 2026.04.15 @ 22:54:08 End 2026.04.16 @ 21:34:52 Sessions 2 Manual Loads 0 Difficulty Explorer Special Mode None Game No. 49 Rogue 44 Adventurer 3 Explorer 2 Win Type - Total 1 Types 1/0/0/0/0/0/0/0/0/0 Lore% 24 Gallery% 26 Achievement% 26 Wizard Run 0 Options --------- Layout 1 ASCII 0 Keyboard 0 Movement Numpad Keybinds 0 Fullscreen 2 Font 24/Proggy Map View 50x35 Zoom Use 0% Tactical HUD 1 Map Filters NONE Filters NONE Steam 1 RUN: da33d4cc-b205-48b2-afa6-13543fc38b52